 Dungeon Crawl Stone Soup version 0.18-a0-1123-gbd92598 (webtiles) character file.

22968 Gobser the Severer (level 12, -5/114 HPs)
             Began as a Deep Dwarf Berserker on Jan 19, 2016.
             Was an Elder of Trog.
             Slain by a black mamba (11 damage)
             ... on level 1 of the Snake Pit.
             The game lasted 01:11:45 (11774 turns).

Gobser the Severer (Deep Dwarf Berserker)          Turns: 11774, Time: 01:11:45

Health: -5/114     AC: 19    Str: 25    XL:     12   Next: 67%
Magic:  12/12      EV: 10    Int:  9    God:    Trog [****..]
Gold:   598        SH:  2    Dex: 12    Spells: 0 memorised, 11 levels left

rFire  x . .     SeeInvis .     M - +2 war axe (distort)
rCold  + + .     Gourm    .     t - +3 plate armour
rNeg   . . .     Faith    .     (no shield)
rPois  .         Spirit   .     (no helmet)
rElec  .         Dismiss  .     x - +2 cloak {MR+}
rCorr  .         Reflect  +     D - +0 pair of gloves
SustAt .         Harm     .     o - +0 pair of boots
MR     ++...                    w - +2 amulet of reflection
Stlth  ..........               S - ring of protection from cold
                                f - ring of ice

@: non-regenerating, very resistant to hostile enchantments, extremely
unstealthy
A: damage resistance, recharge devices, deformed body, sense surroundings 2,
slow regeneration 3
a: Device Recharging, Berserk, Trog's Hand, Brothers in Arms, Burn Spellbooks,
Renounce Religion


You were on level 1 of the Snake Pit.
You worshipped Trog.
Trog was greatly pleased with you.
You were not hungry.

You visited 3 branches of the dungeon, and saw 13 of its levels.

You collected 598 gold pieces.

Inventory:

Hand Weapons
 a - a +1 hand axe
 g - a +0 lajatang
 m - a +2 mace of crushing
 n - a +3 hand axe of flaming
 z - a +0 battleaxe of electrocution
 A - a +3 quarterstaff of chaos
 H - a +1 scimitar of holy wrath
 M - a +2 war axe of distortion (weapon)
Missiles
 i - 3 tomahawks
 L - 7 needles of sleeping (quivered)
Armour
 b - a +0 animal skin
 e - a +0 scale mail
 h - a +0 pair of gloves
 o - a +0 pair of boots (worn)
 s - a +0 pair of gloves
 t - a +3 plate armour (worn)
 x - a +2 cloak of magic resistance (worn)
 y - a +0 robe of magic resistance
 D - a +0 pair of gloves (worn)
 J - the +1 robe of Satisfaction {MR+ Dex+2 Stlth+}
   (You found it on level 2 of the Lair of Beasts)

   It affects your dexterity (+2).
   It affects your resistance to hostile enchantments.
   It makes you more stealthy.
 P - a +1 cloak
 Q - a +0 chain mail
Jewellery
 f - a ring of ice (left hand)
 w - a +2 amulet of reflection (around neck)
 I - an uncursed amulet of inaccuracy
 S - a ring of protection from cold (right hand)
Wands
 c - a wand of heal wounds (3/9)
 d - a wand of slowing (22/48)
 p - a wand of confusion (0/48)
 E - a wand of digging (12/24)
 K - a wand of lightning (4/15)
 N - a wand of frost (22/48)
Scrolls
 j - 5 scrolls of remove curse
 k - 5 scrolls of teleportation
 u - a scroll of blinking
 G - 2 scrolls of fog
Potions
 q - a potion of cure mutation
 r - 3 potions of agility
 v - a potion of curing
 B - 2 potions of flight
Miscellaneous
 R - a lamp of fire
 U - a stone of tremors
Comestibles
 l - 2 bread rations
 C - 4 fruits
 F - a slice of pizza
 O - 3 meat rations
 T - a beef jerky


   Skills:
 + Level 9.0 Fighting
 * Level 15.3(15.4) Axes
 - Level 1.1(9.6) Maces & Flails
 + Level 1.8 Throwing
 + Level 11.5 Armour
 + Level 6.1 Dodging
 + Level 2.1 Stealth
 + Level 5.8 Evocations


You had 11 spell levels left.
You didn't know any spells.

Dungeon Overview and Level Annotations

Branches:
Dungeon (8/15)             Temple (0/1) D:4            Lair (4/8) D:8
  Snake (1/4) Lair:4
  Swamp: Lair:3-6    Shoals: Lair:3-6

Altars:
Fedhas
Gozag
Kikubaaqudgha
Nemelex Xobeh
Pakellas
Qazlal
Sif Muna
Vehumet
Zin
The Shining One

Shops:
D:4 *


Innate Abilities, Weirdness & Mutations

You are resistant to damage.
You can recharge devices by infusing magical energy.
You passively map the area around you.
You do not regenerate naturally.
Armour fits poorly on your strangely shaped body.


Message History

The shock serpent closely misses you. The shock serpent barely misses you.
The shock serpent barely misses you. The shock serpent closely misses you.
The shock serpent shoots out a bolt of lightning at you!
The bolt of electricity hits you! x2
* * * LOW HITPOINT WARNING * * *
You are no longer poisoned.
The black mamba bites you!
* * * LOW HITPOINT WARNING * * *
The black mamba bites you but does no damage.
You hit the black mamba but do no damage.
You slash the shock serpent!
The shock serpent is moderately wounded.
The shock serpent disappears!
The shock serpent reappears nearby!
The shock serpent's electric aura discharges!
The lightning shocks you.
* * * LOW HITPOINT WARNING * * *
The black mamba bites you!
You die...

##...........(...(().....#
##..)......................
##....###########..#########
##....## #..# ##....## #..#
##....## #..# ##.....##
#########S.######### ##.......##
#...................
#....##...######@ยง....#..........
..((####...#.<.S#......##........
...## ##.#(((.############..####
..## ##(...## ##.# .## ###...##
#..# ## ##....## #..# # ##....##
##########.)#### #.#..##
##.....#....#...# ##...##
##....#...........


You could see a shock serpent and a black mamba.

Vanquished Creatures
  The ghost of Psaro the Cruncher, a novice DsGl of Pakellas (D:8)
  A naga sharpshooter (Snake:1)
  A mana viper (Snake:1)
  A salamander (Snake:1)
  3 black mambas
  5 naga magi (Snake:1)
  5 spiny frogs
  The ghost of Yendor the Covert, a novice SpAs of Trog (D:7)
  2 centaur skeletons
  5 komodo dragons
  A fire drake (Lair:4)
  Prince Ribbit (D:7)
  17 blink frogs
  Sigmund (D:4)
  A wyvern (Lair:4)
  7 yaks
  2 hippogriffs
  The ghost of P0WERM0DE the Insei, an amateur OpCK of Xom (D:3)
  10 wolves
  10 nagas
  2 water moccasins
  6 porcupines
  A phantom (D:3)
  4 ogres
  4 centaurs
  2 crocodiles
  10 giant frogs
  An electric eel (D:7)
  2 crimson imps (D:6)
  5 hounds
  2 jellies
  A gnoll shaman (D:8)
  4 orc priests
  Crazy Yiuf (D:5)
  3 giant frog skeletons
  A worker ant (D:7)
  5 iguanas
  2 orc wizards
  10 sheep
  9 gnolls
  10 adders
  9 river rats
  3 shadow imps
  3 oozes
  An adder zombie (D:6)
  6 worms
  5 giant geckos
  26 orcs
  6 giant cockroaches
  11 goblins
  3 hobgoblins
  3 jackals (D:6)
  5 kobolds
  2 quokkas (D:5)
  2 ball pythons (D:1)
  10 bats
  2 giant gecko skeletons
  8 giant newts
  A quokka skeleton (D:4)
  7 rats
  2 fungi
276 creatures vanquished.

Vanquished Creatures (collateral kills)
  Snorg (Lair:4)
  Nergalle (Lair:4)
  A black mamba (Lair:2)
  3 blink frogs (Lair:4)
  A basilisk (Lair:2)
  A hippogriff (Lair:1)
  A wolf (Lair:4)
  2 porcupines
  An iguana (Lair:1)
  4 river rats (Lair:2)
16 creatures vanquished.

Vanquished Creatures (others)
  A naga sharpshooter (Snake:1)
  A shock serpent (Snake:1)
  A black mamba (Snake:1)
  A komodo dragon (Lair:4)
  A hippogriff (Lair:2)
  2 nagas (Lair:4)
  2 water moccasins (Lair:4)
  A porcupine (Lair:4)
  A sheep (Lair:3)
  2 fungi (Lair:3)
  2 plants
15 creatures vanquished.

Grand Total: 307 creatures vanquished

Notes
Turn   | Place    | Note
--------------------------------------------------------------
     0 | D:1      | Gobser the Deep Dwarf Berserker began the quest for the Orb.
     0 | D:1      | Reached XP level 1. HP: 20/20 MP: 1/1
   260 | D:1      | Reached XP level 2. HP: 20/27 MP: 2/2
   897 | D:1      | Reached skill level 4 in Axes
  1022 | D:1      | Reached XP level 3. HP: 25/34 MP: 3/3
  1086 | D:1      | Reached ** piety under Trog
  1343 | D:2      | Reached XP level 4. HP: 35/42 MP: 4/4
  2071 | D:3      | Reached XP level 5. HP: 49/49 MP: 5/5
  2208 | D:3      | Reached skill level 1 in Maces & Flails
  2221 | D:3      | Reached *** piety under Trog
  2229 | D:3      | Reached skill level 1 in Stealth
  2556 | D:3      | Noticed P0WERM0DE's ghost (amateur OpCK)
  2572 | D:3      | Killed P0WERM0DE's ghost
  2572 | D:3      | Reached XP level 6. HP: 51/56 MP: 6/6
  2615 | D:3      | Found a radiant altar of Vehumet.
  2615 | D:3      | Found an opulent altar of Gozag.
  2644 | D:3      | Found a deep blue altar of Sif Muna.
  2644 | D:3      | Found an ancient bone altar of Kikubaaqudgha.
  2767 | D:3      | Reached skill level 5 in Axes
  3532 | D:4      | Found Istrouqipn's Assorted Antiques.
  3579 | D:4      | Reached XP level 7. HP: 60/62 MP: 7/7
  3607 | D:4      | Found a staircase to the Ecumenical Temple.
  3671 | D:4      | Reached skill level 1 in Throwing
  4043 | D:4      | Noticed Sigmund
  4058 | D:4      | Killed Sigmund
  4058 | D:4      | Reached skill level 5 in Armour
  4302 | D:5      | Entered Level 5 of the Dungeon
  4447 | D:5      | Reached skill level 6 in Axes
  4946 | D:5      | Reached XP level 8. HP: 39/72 MP: 8/8
  5069 | D:5      | Reached skill level 7 in Axes
  5327 | D:5      | Noticed Crazy Yiuf
  5344 | D:5      | Paralysed by something for 2 turns
  5365 | D:5      | Killed Crazy Yiuf
  5500 | D:6      | Reached **** piety under Trog
  5786 | D:6      | Reached skill level 8 in Axes
  5815 | D:6      | Reached skill level 1 in Evocations
  5908 | D:6      | Reached skill level 5 in Fighting
  5908 | D:6      | Gained mutation: You passively map the area around you. [Deep Dwarf growth]
  5908 | D:6      | Reached XP level 9. HP: 63/81 MP: 9/9
  5933 | D:6      | Reached skill level 9 in Axes
  6263 | D:6      | Found a sparkling altar of Nemelex Xobeh.
  6263 | D:6      | Found a stormy altar of Qazlal.
  6278 | D:6      | Found a blossoming altar of Fedhas.
  6283 | D:6      | Found a glowing golden altar of the Shining One.
  6284 | D:6      | Found an oddly glowing altar of Pakellas.
  6291 | D:6      | Found a glowing silver altar of Zin.
  6462 | D:7      | Noticed Yendor's ghost (novice SpAs)
  6565 | D:7      | Killed Yendor's ghost
  6729 | D:7      | Noticed Prince Ribbit
  6745 | D:7      | Killed Prince Ribbit
  6763 | D:7      | Reached skill level 10 in Axes
  7552 | D:8      | Noticed Psaro's ghost (novice DsGl)
  7607 | D:8      | Killed Psaro's ghost
  7628 | D:8      | Found a staircase to the Lair.
  7638 | Lair:1   | Entered Level 1 of the Lair of Beasts
  7691 | Lair:1   | Reached skill level 5 in Dodging
  7758 | Lair:1   | Noticed a spiny frog
  7772 | Lair:1   | Killed a spiny frog
  7772 | Lair:1   | Reached skill level 11 in Axes
  7772 | Lair:1   | Reached XP level 10. HP: 71/91 MP: 11/11
  8156 | Lair:1   | Reached skill level 12 in Axes
  8654 | Lair:2   | Reached XP level 11. HP: 58/100 MP: 14/14
  8661 | Lair:2   | Got a smoking robe
  8728 | Lair:2   | Received a gift from Trog
  9247 | Lair:2   | Reached skill level 13 in Axes
  9407 | Lair:3   | Identified the +1 robe of Satisfaction {MR+ Dex+2 Stlth+} (You found it on level 2 of the Lair of Beasts)
  9688 | Lair:3   | Reached ***** piety under Trog
 10144 | Lair:4   | Found an oddly glowing altar of Pakellas.
 10193 | Lair:4   | Noticed Nergalle
 10204 | Lair:4   | Killed Nergalle
 10204 | Lair:4   | Reached skill level 10 in Armour
 10212 | Lair:4   | Noticed Snorg
 10224 | Lair:4   | Killed Snorg
 10224 | Lair:4   | Reached skill level 14 in Axes
 10253 | Lair:4   | Gained mutation: Armour fits poorly on your strangely shaped body. [mutagenic glow]
 10504 | Lair:4   | Found a staircase to the Snake Pit.
 10579 | Lair:4   | Reached XP level 12. HP: 51/110 MP: 15/15
 10888 | Snake:1  | Entered Level 1 of the Snake Pit
 10969 | Snake:1  | Reached skill level 5 in Evocations
 11015 | Snake:1  | HP: 8/168 [poisoned by a naga sharpshooter]
 11215 | Snake:1  | Reached skill level 15 in Axes
 11774 | Snake:1  | Slain by a black mamba

Vault maps used:
D:1:      moated_graveyard_arrival
D:2:      serial_forest, infiniplex_forest_lined_2,
          infiniplex_forest_straight_3, infiniplex_forest_straight_2,
          infiniplex_forest_clump_diagonal, infiniplex_forest_corner_1,
          infiniplex_forest_end_1, infiniplex_forest_end_2
D:3:      grunt_temple_overflow_open, first_bread
D:4:      temple_statues, serial_shops, nicolae_shop_trees, uniq_sigmund
D:5:      uniq_crazy_yiuf_cottage
D:6:      minitemple
D:7:      nicolae_lava_and_water, uniq_prince_ribbit1
D:8:      lair_0_dummy, basic_altar
Lair:2:   grunt_megastairs_4, serial_bayou_shore_b
Lair:4:   minmay_snake_entry_guardpost_small, basic_altar, uniq_nergalle,
          uniq_snorg

Action                   |  1- 3 |  4- 6 |  7- 9 | 10-12 || total
-------------------------+-------+-------+-------+-------++-------
Melee: Hand axe          |   144 |   143 |   550 |   205 ||  1042
       Mace              |       |    58 |       |       ||    58
       War axe           |       |       |       |   336 ||   336
Throw: Tomahawk          |     4 |    11 |     3 |     3 ||    21
Invok: Trog's Hand       |       |     2 |     1 |    14 ||    17
       Berserk           |       |     1 |     4 |     4 ||     9
       Burn Spellbooks   |       |     1 |       |     4 ||     5
       Brothers in Arms  |       |       |       |     4 ||     4
 Abil: Device Recharging |       |       |       |     4 ||     4
Evoke: Wand              |     2 |     1 |    16 |    28 ||    47
       Lamp of fire      |       |       |       |     1 ||     1
  Use: Scroll            |     7 |     3 |    10 |     6 ||    26
       Potion            |     2 |     5 |     2 |    10 ||    19
 Stab: Sleeping          |       |     1 |       |       ||     1
       Distracted        |       |       |       |     1 ||     1
  Eat: Bread ration      |     1 |     1 |     1 |     2 ||     5
       Beef jerky        |       |     1 |       |       ||     1
       Meat ration       |       |       |     2 |     2 ||     4
       Pizza             |       |       |     1 |     1 ||     2
       Fruit             |       |       |     2 |     2 ||     4
